Map: Lerilak Crest

Players

Stealth

  • Race: Terran Terran
  • League: Gold

Javert - Winner!

  • Race: Zerg Zerg
  • League: Gold

VOD

Have the link to the VOD?

Description

Time

  • Played on: Sept. 14, 2015, 7:40 p.m.
  • Length: 12:01
Show
View Real Time Build Order
Export as new Build Order

Stealth Terran 

Build Orders: MMM Bio 

Get SALT Encoding   

  12  0:00  SCV  
  13  0:13  SCV  
  14  0:23  Supply Depot  
  14  0:25  SCV  
  15  0:33  Refinery  
  15  0:45  SCV  
  15  0:47  Barracks  
  16  0:57  SCV  
  16  0:59  Refinery  
  17  1:09  SCV  
  18  1:11  Supply Depot  
  18  1:21  SCV  
  19  1:36  Orbital Command  
  19  1:37  Reaper  
  20  1:54  Factory  
  20  2:03  SCV  
  21  2:09  Reaper  
  21  2:15  SCV  
  23  2:23  Supply Depot  
  23  2:27  SCV  
  24  2:38  Factory Reactor  
  24  2:39  SCV  
  24  2:40  Starport  
  25  2:45  Barracks Tech Lab  
  25  2:55  SCV  
  26  3:07  SCV  
  27  3:15  Command Center  
  27  3:16  Hellion x2, Starport Tech Lab  
  31  3:21  Supply Depot, SCV  
  32  3:38  Banshee  
  35  3:42  Widow Mine x2  
  39  3:54  Marauder  
  39  3:58  Supply Depot  
  36  4:09  SCV  
  25  4:21  SCV  
  19  4:34  SCV, Hellion x2  
  24  4:46  SCV  
  24  5:02  SCV  
  24  5:03  SCV  
  24  5:15  SCV  
  25  5:22  Orbital Command  
  25  5:27  SCV  
  26  5:39  SCV  
  27  5:47  Viking  
  29  5:50  SCV  
  29  5:51  SCV  
  29  5:55  Marauder  
  33  6:02  SCV  
  33  6:03  SCV  
  35  6:15  SCV  
  35  6:16  Stimpack  
  36  6:23  Barracks  
  36  6:25  Barracks  
  36  6:27  SCV  
  37  6:38  Marauder  
  38  6:40  SCV  
  38  6:52  SCV, Hellion x2  
  43  6:58  Engineering Bay  
  43  6:59  Supply Depot, Marauder  
  45  7:08  Orbital Command  
  45  7:09  SCV  
  45  7:12  Barracks Tech Lab  
  46  7:17  Barracks Reactor  
  46  7:38  Marauder x2  
  50  7:58  Marine x2  
  44  7:59  Marauder  
  44  8:00  Marauder  
  44  8:02  SCV  
  44  8:03  SCV  
  44  8:04  Combat Shields  
  38  8:15  SCV, Marine  
  38  8:16  Supply Depot, Medivac x2, Marine  
  45  8:21  Marauder x2  
  49  8:33  Marine x2  
  50  8:40  SCV  
  51  8:42  Marauder x2  
  55  8:51  Marine x2  
  55  8:52  Supply Depot  
  55  8:53  SCV  
  58  9:03  Marauder  
  60  9:11  Marine x2  
  60  9:12  Marauder  
  60  9:18  Missile Turret  
  60  9:21  SCV  
  57  9:25  Marauder  
  58  9:41  Marine  
  58  9:42  Marine x2  
  58  9:44  SCV  
  62  9:46  Marine  
  62  9:49  Medivac  
  62  9:50  Medivac  
  62  10:16  Marine x3  
  62  10:17  Marine  
  66  10:29  Orbital Command  
  66  10:42  Marine x2  
  66  10:43  Marine x2  
  70  11:16  Marine x2  
  70  11:19  Marine  
  69  11:27  Marauder  
Show
View Real Time Build Order
Export as new Build Order

Javert Zerg - Winner!

Build Orders: Pool First 

Get SALT Encoding   

  12  0:01  Drone  
  13  0:14  Overlord  
  13  0:20  Drone  
  14  0:32  Drone x2  
  16  0:38  Drone  
  17  0:48  Drone  
  18  0:51  Spawning Pool  
  17  0:58  Drone  
  18  1:21  Hatchery  
  17  1:26  Drone  
  17  1:27  Extractor  
  17  1:39  Roach Warren, Queen  
  18  1:43  Drone  
  19  1:56  Overlord  
  19  2:08  Overlord  
  19  2:21  Roach x2  
  23  2:23  Roach  
  23  2:29  Queen  
  27  2:36  Roach  
  29  2:46  Roach  
  29  2:49  Drone x2  
  29  2:50  Drone  
  34  3:00  Zergling x4  
  34  3:01  Zergling x2  
  37  3:13  Overlord  
  37  3:19  Metabolic Boost  
  37  3:23  Drone x3  
  37  3:56  Roach x4  
  45  4:10  Drone x4, Queen  
  45  4:11  Queen  
  45  4:15  Extractor  
  48  4:28  Drone x4  
  48  4:29  Drone  
  48  4:30  Spore Crawler  
  46  4:34  Spore Crawler x2  
  44  4:38  Spore Crawler  
  44  4:39  Drone  
  44  4:41  Drone  
  38  5:03  Drone x5  
  38  5:06  Lair  
  43  5:12  Drone x3  
  43  5:14  Extractor  
  43  5:22  Roach x3  
  43  5:23  Roach  
  51  5:37  Overlord x2  
  51  5:42  Spore Crawler  
  50  5:43  Drone x2  
  52  5:52  Overlord x2  
  52  5:57  Burrow  
  52  6:05  Drone x5  
  52  6:06  Drone x2  
  59  6:13  Spire  
  59  6:15  Overlord  
  58  6:22  Overlord  
  56  6:39  Zergling x12  
  56  6:42  Overseer  
  56  6:44  Zergling x2  
  57  6:49  Zergling x6  
  57  6:50  Zergling x2  
  57  6:53  Overseer x2  
  61  6:57  Hatchery  
  60  7:04  Zergling x10  
  65  7:15  Zergling x2  
  65  7:16  Zergling x2  
  59  7:57  Zergling x2  
  59  7:58  Zergling x16  
  59  8:16  Mutalisk  
  59  8:17  Mutalisk x6  
  72  8:33  Mutalisk x4  
  78  8:37  Extractor  
  78  8:38  Drone x2  
  78  8:40  Queen  
  77  8:44  Hatchery  
  77  8:46  Mutalisk  
  75  8:57  Mutalisk  
  77  9:04  Zergling x2  
  77  9:05  Zergling x8  
  76  9:26  Zergling x12  
  82  9:41  Overlord  
  82  9:42  Overlord x2, Baneling Nest  
  82  9:44  Extractor  
  80  9:47  Overlord x2, Extractor  
  80  9:48  Mutalisk  
  80  9:51  Overlord x2  
  79  10:06  Mutalisk x5  
  87  10:13  Zergling x2  
  87  10:14  Zergling x28  
  100  10:24  Overseer x4  
  100  10:29  Overseer  
  100  10:36  Drone x5  
  100  10:37  Drone x4  
  100  10:42  Overlord  
  109  10:56  Zergling x2  
  110  10:57  Zergling x10  
  110  10:58  Zergling x2  
  116  11:04  Baneling  
  116  11:05  Baneling x6  
  92  11:46  Hatchery  
Tags
 
Composition
MMM Bio
League
GoldGold
Matchup
TvZ
Opening
Pool First
Add a new tag
Caveats
  • Supply blocks, unpowered buildings, or Contaminate may cause inaccurate times.
  • Supply counts are checked every 10 seconds.